 Dungeon Crawl Stone Soup version 0.31-a0-45-g5f0c076935 (webtiles) character file.

Game seed: 12435343693875153124

37071 TittyCrusher the Zephyrmancer (level 13, -5/102 HPs)
             Began as a Troll Air Elementalist on May 22, 2023.
             Was a High Priest of Ashenzari.
             Splashed by a jelly's acid (10 damage)
             ... on level 5 of the Lair of Beasts.
             The game lasted 01:50:52 (28610 turns).

TittyCrusher the Zephyrmancer (TrAE)               Turns: 28610, Time: 01:50:53

Health: -5/102     AC: -1    Str: 19    XL:     13   Next: 56%
Magic:  6/21       EV:  8    Int: 19    God:    Ashenzari [*****.]
Gold:   774        SH: 11    Dex: 16    Spells: 11/24 levels left

rFire   + . .        b - +5 war axe "Cursed Loss" {flame, rC- rN++ Int+4, Evo, Cun} (curse)
rCold   . . .        P - +0 tower shield "Gnostic Polytheism" {rPois, Cun, Range} (curse)
rNeg    + + .        z - +1 robe "Omen of Ashenzari" {Will+ Dex+6, Bglg, Elem} (curse)
rPois   +            (helmet restricted)
rElec   .            T - +1 cloak of Supernal Knowledge {Comp, Evo} (curse)
rCorr   .            (gloves unavailable)
SInv    +            (boots unavailable)
Will    ++...        q - amulet "Ensconced With Me" {Faith, Evo, Comp} (curse)
Stlth   ++           A - ring of Ashenzari's Lethargy {Will+, Elem, Cun} (curse)
HPRegen 1.17/turn    e - ring "Thunder Perfect Mind" {rF+, Evo, Elem} (curse)
MPRegen 0.17/turn

%: clarity, faith
@: corroded
A: large, unfitting armour, claws 3, regeneration 1, shaggy fur 1, tough skin 1,
cold resistance 1
a: Renounce Religion, Curse Item, Shatter the Chains


You were on level 5 of the Lair of Beasts.
You worshipped Ashenzari.
Ashenzari was extremely pleased with you.
You visited 3 branches of the dungeon, and saw 19 of its levels.

You collected 774 gold pieces.

Inventory:

Hand Weapons
 a - a +2 dagger of venom
 b - the cursed +5 war axe "Cursed Loss" (weapon) {flame, rC- rN++ Int+4, Evo, Cun}
   (You found it on level 6 of the Dungeon)

   Int:       It affects your intelligence (+4).
   rC:        It makes you vulnerable to cold.
   rN:        It greatly protects you from negative energy.
   It has a curse which improves the following skills: Evocations: Evocations.
   Cunning:   Dodging and Stealth.
 i - a +2 flail of draining
 s - a +2 whip of freezing
 w - a +0 dagger of protection
 E - a +0 whip of electrocution
 I - a +3 spear
 N - a +0 sling
Missiles
 d - 111 stones
 B - 38 poisoned darts (quivered)
 H - 2 boomerangs
 S - 2 curare-tipped darts
Armour
 g - the +1 robe of Dazilos {+Inv Will- Str+2}
   (You found it on level 2 of the Lair of Beasts)

   Str:       It affects your strength (+2).
   +Inv:      It lets you turn invisible.
   Will:      It decreases your willpower.
 z - the cursed +1 robe "Omen of Ashenzari" (worn) {Will+ Dex+6, Bglg, Elem}
   (You found it on level 10 of the Dungeon)

   Dex:       It affects your dexterity (+6).
   Will:      It increases your willpower.
   It has a curse which improves the following skills: Beguiling: Conjurations,
   Hexes and Translocations.
   Elements:  Fire Magic, Ice Magic, Air Magic and Earth Magic.
 P - the cursed +0 tower shield "Gnostic Polytheism" (worn) {rPois, Cun, Range}
   (You found it on level 7 of the Dungeon)

   rPois:     It protects you from poison.
   It has a curse which improves the following skills: Cunning: Dodging and
   Stealth.
   Ranged Combat: Ranged Weapons and Throwing.
 T - the cursed +1 cloak of Supernal Knowledge (worn) {Comp, Evo}
   (You found it on level 7 of the Dungeon)

   It has a curse which improves the following skills: Companions: Summonings
   and Necromancy.
   Evocations: Evocations.
 U - +0 fire dragon scales
 V - +0 steam dragon scales
Jewellery
 e - the cursed ring "Thunder Perfect Mind" (right claw) {rF+, Evo, Elem}
   (You found it on level 5 of the Dungeon)

   [ring of protection from fire]

   rF:        It protects you from fire.
   It has a curse which improves the following skills: Evocations: Evocations.
   Elements:  Fire Magic, Ice Magic, Air Magic and Earth Magic.
 p - a ring of fire
 q - the cursed amulet "Ensconced With Me" (around neck) {Faith, Evo, Comp}
   (You found it on level 8 of the Dungeon)

   [amulet of faith]

   It allows you to gain divine favour quickly.
   It has a curse which improves the following skills: Evocations: Evocations.
   Companions: Summonings and Necromancy.
 A - the cursed ring of Ashenzari's Lethargy (left claw) {Will+, Elem, Cun}
   (You took it off a goblin on level 3 of the Dungeon)

   [ring of willpower]

   Will:      It increases your willpower.
   It has a curse which improves the following skills: Elements: Fire Magic, Ice
   Magic, Air Magic and Earth Magic.
   Cunning:   Dodging and Stealth.
 M - a +5 ring of evasion
 O - an amulet of the acrobat
 Y - a ring of ice
Wands
 o - a wand of paralysis (3)
 G - a wand of mindburst (16)
 R - a wand of flame (38)
 Z - a wand of iceblast (1)
Scrolls
 m - a scroll of poison
 n - 2 scrolls of silence
 u - a scroll of brand weapon
 x - 8 scrolls of teleportation
 y - 2 scrolls of vulnerability
 D - 3 scrolls of noise
 K - 2 scrolls of enchant armour
 Q - 3 scrolls of immolation
 W - a scroll of fog
 X - a scroll of torment
Potions
 c - 4 potions of haste
 f - a potion of invisibility
 h - a potion of magic
 j - 3 potions of lignification
 k - 2 potions of brilliance
 l - 3 potions of attraction
 r - 2 potions of mutation
 t - 2 potions of resistance
 v - a potion of might
 C - a potion of heal wounds
 J - 6 potions of curing
 L - 2 potions of flight


   Skills:
 + Level 2.3(5.4) Dodging
 - Level 1.0(3.2) Stealth
 - Level 6.3 Spellcasting
 - Level 4.4(6.5) Conjurations
 - Level 6.1(10.2) Ice Magic
 - Level 13.7(17.8) Air Magic


You had 11 spell levels left.
You knew the following spells:

 Your Spells              Type           Power      Damage    Failure   Level
a - Shock                 Conj/Air       100%       1d9       1%          1
b - Static Discharge      Conj/Air       100%       2-7/arc   1%          2
c - Airstrike             Air            32%        2d(5-21)  1%          4
d - Swiftness             Air            65%        N/A       1%          3
e - Frozen Ramparts       Ice            90%        1d14      5%          3

Your spell library contained the following spells:

 Spells                   Type           Power      Damage    Failure   Level
 Poisonous Vapours        Pois/Air       78%        N/A       4%          2
 Magic Dart               Conj           100%       1d8       9%          1
 Hailstorm                Conj/Ice       37%        3d9       12%         3
 Searing Ray              Conj           60%        2d6       13%         2
 Slow                     Hex            28%        N/A       73%         1
 Sting                    Tmut/Pois      24%        1d4       77%         1
 Ice Form                 Ice/Tmut       25%        N/A       83%         4
 Call Canine Familiar     Summ           7%         N/A       97%         3
 Confusing Touch          Hex            7%         N/A       97%         3
 Portal Projectile        Hex/Tloc       14%        N/A       97%         3
 Tukima's Dance           Hex            7%         N/A       97%         3
 Vampiric Draining        Necr           7%         2d6       97%         3
 Fulminant Prism          Conj/Hex       9%         3d7       97%         4
 Animate Dead             Necr           7%         N/A       100%        4
 Leda's Liquefaction      Hex/Erth       3%         N/A       100%        4
 Olgreb's Toxic Radiance  Pois           6%         N/A       100%        4
 Alistair's Intoxication  Tmut/Pois      4%         N/A       100%        5
 Blade Hands              Tmut           3%         N/A       100%        5
 Borgnjor's Vile Clutch   Necr/Erth      3%         N/A       100%        5
 Death Channel            Necr           3%         N/A       100%        6
 Simulacrum               Ice/Necr       13%        N/A       100%        6


Dungeon Overview and Level Annotations

Branches:
Dungeon (13/15)            Temple (1/1) D:6            Lair (5/5) D:10
 Shoals (0/4) Lair:3        Snake (0/4) Lair:2        Slime (0/5) Lair:5
    Orc: D:9-12      Vaults: D:13-14

Altars:
Ashenzari
Cheibriados
Dithmenos
Elyvilon
Fedhas
Gozag
Hepliaklqana
Kikubaaqudgha
Makhleb
Nemelex Xobeh
Okawaru
Qazlal
Ru
Sif Muna
Trog
Uskayaw
Vehumet
Wu Jian
Xom
Yredelemnul
Zin
The Shining One

Shops:
D:1 [

Annotations:
D:1 exclusion: downstairs
D:3 exclusion: downstairs
D:5 exclusion: downstairs
D:9 exclusion: downstairs
D:10 3 runed translucent doors, BlasphemerAmon's ghost, novice DEHu; Strat's ghost, journeyman MiFi; patfeehan111222's ghost, journeyman DsBe
D:11 exclusion: cyclops
Lair:2 3 runed translucent doors, exclusion: downstairs, Laraso's ghost, journeyman AtFi
Lair:3 1 exclusion, Snorg
Lair:4 exclusion: downstairs


Innate Abilities, Weirdness & Mutations

You are too large for most types of armour.
You have claws for hands.
Your natural rate of healing is unusually fast.
You are covered in fur. (AC +1)
You have tough skin. (AC +1)
Your flesh is cold resistant. (rC+)


Message History

You now have 774 gold pieces (gained 14).
Casting: Airstrike (mildly dangerous; 1% risk of failure)
Confirm with . or Enter, or press ? or * to list all spells.
Aiming: Airstrike (mildly dangerous; 1% risk of failure)
Press: ? - help, Dir - move target, f - cane toad
Aim: a cane toad (wandering, hasn't noticed you, empty space bonus: 8/8)
The air twists around and strikes the cane toad!!
The cane toad gives a loud, deep croak!
The cane toad is heavily wounded.
The jelly quivers.
You closely miss the cane toad.
The cane toad is heavily wounded.
You hit the jelly. You burn the jelly. The acid corrodes you!
Your claws burn!
The jelly hits you. The acid corrodes you!
You are splashed with acid!
You block the cane toad's attack. The jelly hits you.
You are splashed with acid.
The cane toad stings you!!
You hit the cane toad but do no damage.
The cane toad is heavily wounded.
You hit the jelly. You burn the jelly.
Your claws burn!
The jelly closely misses you. The cane toad stings you!!
You block the jelly's attack. The cane toad stings you!
* * * LOW HITPOINT WARNING * * *
Unknown command.
Okay, then.
Okay, then.
Okay, then.
Okay, then.
Casting: Airstrike (mildly dangerous; 1% risk of failure)
Confirm with . or Enter, or press ? or * to list all spells.
Aiming: Airstrike (mildly dangerous; 1% risk of failure)
Press: ? - help, Dir - move target, f/p - cane toad
Aim: a cane toad (heavily wounded, empty space bonus: 7/8)
The air twists around and strikes the cane toad!
The cane toad is almost dead.
The cane toad stings you!
* * * LOW HITPOINT WARNING * * *
The jelly hits you.
* * * LOW HITPOINT WARNING * * *
You are splashed with acid!
You die...

*,*
**........#....######..##
, *
*#................#....#
,
*#....................#.
*
*,#..................##.
**
*,**#......#.#..#.#)..#..
* *##...#.####.#....#⌠.
*,,**
##........##......#.. , *
#....F.†........####. ,
** *#..J@..#........# #.
* ,
,,#..................# ##
,,,,.................#
,,**# * ,
#.................,,,* ,
* ** * #......#..........
{ ##.....#......... ,
*#....P.....#.... , ,,..
* ....#..,...#..., ,,..
**, , ,,,, *.


You could see a cane toad and a jelly.

Vanquished Creatures
  Nessos (Lair:3)
  Josephine (Lair:4)
  4 hydras
  2 catoblepae (Lair:4)
  2 two-headed ogres (D:10)
  Nergalle (Lair:1)
  2 skysharks (Lair:3)
  Pikel (D:5)
  A manticore (Lair:5)
  17 elephants
  A merfolk siren (Lair:3)
  6 cane toads
  A gargoyle (D:11)
  A black mamba (Lair:2)
  4 komodo dragons
  8 rime drakes
  A troll (D:10)
  2 polar bears
  7 blink frogs
  5 dream sheep (Lair:3)
  Sigmund (D:2)
  27 yaks
  A wyvern (Lair:4)
  3 shadows
  4 wraiths (Lair:4)
  A basilisk (Lair:2)
  2 steam dragons
  Menkaure (D:5)
  15 water moccasins
  6 nagas
  An ice beast (D:6)
  5 orc warriors
  A sky beast (D:5)
  2 black bears
  3 centaurs
  3 ogres
  15 wolves
  3 kobold brigands
  15 bullfrogs
  4 scorpions
  2 gnoll sergeants
  9 killer bees
  4 electric eels (D:10)
  3 howler monkeys
  2 hounds (D:7)
  3 jellies
  8 orc priests
  A sleepcap (D:6)
  Jessica (D:2)
  4 gnoll boudas
  An iguana (D:5)
  11 orc wizards
  Robin (D:4)
  34 gnolls
  8 adders
  3 white imps
  2 ufetubi
  A worm (D:2)
  2 dart slugs
  26 orcs
  7 endoplasms
  A giant cockroach (D:1)
  18 goblins
  7 hobgoblins
  2 jackals (D:2)
  5 quokkas
  8 ball pythons
  10 bats
  7 frilled lizards
  15 kobolds
  4 rats (D:1)
391 creatures vanquished.

Vanquished Creatures (others)
  An orc wizard (D:9)
1 creature vanquished.

Grand Total: 392 creatures vanquished

Notes
Turn   | Place    | Note
-------+----------+-------------------------------------------
     0 | D:1      | TittyCrusher the Troll Air Elementalist began the quest for
                  | the Orb.
     0 | D:1      | Reached XP level 1. HP: 16/16 MP: 1/1
    37 | D:1      | Found Epoer's Antique Armour Shop.
   234 | D:1      | Reached XP level 2. HP: 24/24 MP: 0/2
   538 | D:1      | Reached XP level 3. HP: 31/31 MP: 0/3
   541 | D:1      | Learned a level 2 spell: Static Discharge
   794 | D:1      | Reached skill level 1 in Conjurations
  1387 | D:2      | Reached XP level 4. HP: 39/39 MP: 0/5
  1440 | D:2      | Noticed Sigmund
  2270 | D:3      | Found a faded altar of an unknown god.
  2584 | D:2      | Noticed Jessica
  2597 | D:2      | Killed Jessica
  2665 | D:2      | Reached XP level 5. HP: 23/45 MP: 3/6
  2726 | D:2      | Killed Sigmund
  2727 | D:2      | Reached XP level 6. HP: 38/53 MP: 5/7
  3894 | D:3      | Learned a level 4 spell: Airstrike
  4163 | D:4      | Noticed Robin
  4336 | D:3      | Reached skill level 3 in Air Magic
  4511 | D:4      | Killed Robin
  4670 | D:4      | Reached XP level 7. HP: 59/59 MP: 2/8
  4999 | D:4      | Reached skill level 4 in Air Magic
  5133 | D:4      | Found a radiant altar of Vehumet.
  5233 | D:5      | Entered Level 5 of the Dungeon
  5322 | D:5      | Noticed Pikel
  5337 | D:5      | Killed Pikel
  5338 | D:5      | Reached skill level 5 in Air Magic
  5338 | D:5      | Reached XP level 8. HP: 57/67 MP: 4/9
  5539 | D:5      | Noticed Menkaure
  5543 | D:5      | Killed Menkaure
  5544 | D:5      | Reached skill level 6 in Air Magic
  5875 | D:5      | Found an ornate altar of the Wu Jian Council.
  6094 | D:5      | Gained mutation: Your flesh is cold resistant. (rC+)
                  | [potion of mutation]
  6167 | D:5      | Found a burning altar of Makhleb.
  6423 | D:4      | Reached skill level 7 in Air Magic
  7057 | D:6      | Identified the +5 war axe "Ufian" {flame, rC- rN++ Int+4}
  7107 | D:5      | Reached XP level 9. HP: 74/74 MP: 10/10
  7298 | D:6      | Learned a level 3 spell: Swiftness
  8571 | D:6      | Found a staircase to the Ecumenical Temple.
  8580 | Temple   | Entered the Ecumenical Temple
  9674 | D:7      | Identified the +0 tower shield of Dim Light {rPois}
 11875 | D:9      | Found a hide-covered altar of Uskayaw.
 12075 | D:9      | Reached XP level 10. HP: 81/81 MP: 7/16
 12184 | D:9      | Reached skill level 5 in Spellcasting
 12422 | D:9      | Found a glowing silver altar of Zin.
 12422 | D:9      | Found a glowing golden altar of the Shining One.
 12422 | D:9      | Found a white marble altar of Elyvilon.
 12736 | D:9      | Reached skill level 8 in Air Magic
 13001 | D:9      | Found the +18 Lear's hauberk
 13930 | D:10     | Entered Level 10 of the Dungeon
 14014 | D:10     | Noticed a two-headed ogre
 14159 | D:10     | Killed a two-headed ogre
 14160 | D:10     | Reached skill level 9 in Air Magic
 14483 | D:10     | Noticed a two-headed ogre
 14486 | D:10     | Killed a two-headed ogre
 14920 | D:10     | Found a runed translucent gate.
 14920 | D:10     | Found a runed translucent gate.
 14920 | D:10     | Found a runed translucent gate.
 14920 | D:10     | Noticed BlasphemerAmon's ghost (novice DEHu)
 14921 | D:10     | Noticed Strat's ghost (journeyman MiFi)
 14921 | D:10     | Noticed patfeehan111222's ghost (journeyman DsBe)
 14971 | D:10     | Identified the +1 robe of Xuazutuc {Will+ Dex+6}
 15132 | D:10     | Found a broken altar of Ashenzari.
 15135 | D:10     | Became a worshipper of Ashenzari the Shackled
 15154 | D:10     | Found an opulent altar of Gozag.
 15278 | D:10     | You fall into a shaft and drop 3 floors!
 15300 | D:11     | Found a radiant altar of Vehumet.
 15397 | D:11     | Noticed a two-headed ogre
 15402 | D:11     | Noticed a white ugly thing
 15409 | D:11     | Noticed a gargoyle
 15413 | D:11     | Killed a gargoyle
 15414 | D:11     | Reached skill level 10 in Air Magic
 15414 | D:11     | Reached XP level 11. HP: 88/88 MP: 5/18
 15472 | D:11     | Noticed a boulder beetle
 15486 | D:11     | Noticed a boulder beetle
 15516 | D:10     | Found a staircase to the Lair.
 15577 | Lair:1   | Entered Level 1 of the Lair of Beasts
 16494 | Lair:1   | Reached * piety under Ashenzari
 16863 | Lair:1   | Noticed Nergalle
 16873 | Lair:1   | Killed Nergalle
 16881 | Lair:1   | Reached ** piety under Ashenzari
 17022 | Lair:1   | You fall into a shaft and drop 1 floor!
 17024 | Lair:2   | Noticed a four-headed hydra
 17085 | Lair:2   | Killed a four-headed hydra
 17086 | Lair:2   | Reached skill level 11 in Air Magic
 18780 | Lair:1   | Reached skill level 12 in Air Magic
 18920 | Lair:2   | Identified the +1 robe of Dazilos {+Inv Will- Str+2}
 19115 | Lair:2   | Reached *** piety under Ashenzari
 19166 | Lair:2   | Found a staircase to the Snake Pit.
 19263 | Lair:1   | Reached XP level 12. HP: 96/96 MP: 2/19
 20451 | Lair:2   | Found a runed translucent gate.
 20451 | Lair:2   | Noticed Laraso's ghost (journeyman AtFi)
 20452 | Lair:2   | Found a runed translucent gate.
 20454 | Lair:2   | Found a runed translucent gate.
 21920 | Lair:3   | Reached skill level 13 in Air Magic
 21933 | Lair:3   | Reached **** piety under Ashenzari
 22635 | Lair:3   | Noticed Nessos
 22648 | Lair:3   | Killed Nessos
 23303 | Lair:3   | Noticed Snorg
 23309 | Lair:3   | Reached ***** piety under Ashenzari
 24675 | Lair:3   | Learned a level 3 spell: Frozen Ramparts
 24675 | Lair:3   | Noticed a boulder beetle
 24739 | Lair:3   | Found a staircase to the Shoals.
 24890 | Lair:4   | Reached skill level 1 in Ice Magic
 24890 | Lair:4   | Reached XP level 13. HP: 102/102 MP: 12/21
 25344 | Lair:4   | Noticed Josephine
 25386 | Lair:4   | Killed Josephine
 26525 | Lair:5   | Entered Level 5 of the Lair of Beasts
 27170 | Lair:4   | Reached skill level 5 in Ice Magic
 28566 | Lair:5   | Found a staircase to the Slime Pits.
 28610 | Lair:5   | HP: 5/102 [jelly (2)]
 28610 | Lair:5   | Splashed by a jelly's acid

Illustrated notes

Levels and vault maps discovered:
D:1:      minmay_arrival_doors, layout_loops_ring, serial_shops,
          nicolae_diamond_shop, minmay_tromino_i2
D:2:      wad_crossroads, layout_loops_corners, cheibrodos_gnoll_hut,
          uniq_jessica, uniq_sigmund
D:3:      layout_rooms, nicolae_ecumenical_snake_handling
D:4:      layout_cave_pools, mainiacjoe_overflow_alcove_4, uniq_robin
D:5:      layout_loops_cross, nzn_wu_jian_council_hall, lightli_temple_of_fire,
          st_stairs_8, kennysheep_decorative_pillar, uniq_pikel, uniq_menkaure
D:6:      layout_cave_pools, minmay_temple_entry_statues_pillars
D:7:      layout_basic, grunt_ministairs_11, serial_bayou_pond_e
D:8:      layout_loops_cross
D:9:      layout_long_grid, good_gods_mini_temple,
          mainiacjoe_overflow_small_starburst, hangedman_corner_corridor
D:10:     layout_big_octagon, mainiacjoe_overflow_swirl,
          gammafunk_ghost_cemetery, minmay_misc_feat_doors,
          kennysheep_cross_bottleneck
D:11:     nicolae_cairo_tiling_large_dashed, layout_cave_pools,
          fiery_altar_vehumet
D:12:     layout_basic, minmay_orc_entry_temple_small, gammafunk_ghost_split,
          gauntlet_entry_generic, kennysheep_cluttered_room
D:13:     layout_loops_ring, david_vaults_1
Temple:   cyrus_circular_temple
Lair:1:   layout_gridlike, bh_autumn_forest_stairs, uniq_nergalle
Lair:2:   layout_cave_pods, minmay_snake_entry_guardpost_medium,
          ebering_ghost_rock_garden, serial_rivers,
          chequers_serial_rivers_micro_d, chequers_serial_rivers_large_b,
          chequers_serial_rivers_small_b, chequers_serial_rivers_room_b,
          chequers_serial_rivers_micro_b, chequers_serial_rivers_small_b,
          beast_lair_carwin_5, serial_bayou_shore_b, infiniplex_staircase_pool_2
Lair:3:   layout_regular_city, minmay_shoals_entry_lonely_mermaid,
          nzn_random_ring, serial_bayou_shore_b, uniq_nessos, uniq_snorg
Lair:4:   layout_cave_shapes, nicolae_lair_grove_arrangements, uniq_josephine
Lair:5:   grunt_lair_end_beastmaster, layout_loops_ring,
          nicolae_slime_entry_field_trip, lightli_volcano_entry_magma_tube,
          gammafunk_ghost_ooze, grunt_megastairs_5

Skill      XL: |  1  2  3  4  5  6  7  8  9 10 11 12 13 |
---------------+----------------------------------------+-----
Conjurations   | 1 2 3 4 |  4.4
Air Magic      | 3 5 7 10 12 13 | 13.7
Spellcasting   | 4 5 6 |  6.3
Ice Magic      | 1 6 |  6.1
Dodging        | 2 |  2.3
Stealth        | |  1.0

Action                     |  1- 3 |  4- 6 |  7- 9 | 10-12 | 13-15 || total
---------------------------+-------+-------+-------+-------+-------++-------
  Melee: Unarmed           |    24 |       |       |       |       ||    24
         Dagger            |    37 |   146 |    61 |       |       ||   244
         War axe           |       |       |    77 |   137 |    43 ||   257
         Punch             |       |       |     1 |     3 |       ||     4
   Fire: Sling             |     1 |     2 |       |       |       ||     3
  Throw: Dart              |       |     5 |    13 |     4 |     1 ||    23
   Cast: Shock             |    20 |    43 |    47 |    13 |    20 ||   143
         Static Discharge  |    10 |    29 |    45 |    23 |    12 ||   119
         Airstrike         |       |       |    63 |   286 |    90 ||   439
         Swiftness         |       |       |       |     5 |     8 ||    13
         Frozen Ramparts   |       |       |       |       |     4 ||     4
 Invoke: Curse Item        |       |       |       |     6 |     1 ||     7
  Evoke: Wand              |       |     6 |     8 |    22 |     5 ||    41
    Use: Potion            |       |     1 |     8 |     3 |       ||    12
         Scroll            |       |       |     7 |    13 |       ||    20
   Stab: Sleeping          |       |     1 |       |       |       ||     1
         Paralysed         |       |       |     5 |       |     3 ||     8
 Armour: Robe              |    32 |    38 |    74 |    80 |    38 ||   262
         Steam dragon scal |       |       |       |    36 |       ||    36
  Dodge: Dodged            |    39 |    80 |   107 |   171 |    34 ||   431
  Block: Tower shield      |       |       |       |       |    70 ||    70

Table legend: (Time is in decaauts)
 A = Elapsed time spent in this place.
 B = Non-inter-level travel time spent in this place.
 C = Inter-level travel time spent in this place.
 D = Time resting spent in this place.
 E = Time spent auto-exploring this place.
 F = Levels seen in this place.
 G = Mean time per level.
                   A        B        C        D        E       F      G
               +--------+--------+--------+--------+--------+-----+--------+
         Total |  28793 |  27398 |   1395 |  10633 |  10121 |  19 | 1515.4 |
       Dungeon |  15709 |  14867 |    842 |   4468 |   6917 |  13 | 1208.4 |
        Temple |     49 |     41 |      8 |      0 |     18 |   1 |   49.0 |
          Lair |  13034 |  12490 |    544 |   6165 |   3186 |   5 | 2606.8 |
               +--------+--------+--------+--------+--------+-----+--------+

Top non-repeatable levels by time:
  Lair:2: 3868 daAuts
  Lair:1: 3067 daAuts
  Lair:3: 2791 daAuts
  Lair:4: 2328 daAuts
     D:9: 2270 daAuts
     D:7: 2201 daAuts
     D:2: 1964 daAuts
     D:5: 1959 daAuts
     D:6: 1365 daAuts
     D:8: 1362 daAuts
     D:1: 1283 daAuts
     D:4: 1095 daAuts
     D:3: 1078 daAuts
  Lair:5: 979 daAuts
    D:10: 911 daAuts
